 Dungeon Crawl Stone Soup version 0.30-a0-881-g1ff12e1e11 (webtiles) character file.

Game seed: 14701387932217088057

11787 Pimp the Geomancer (level 12, -7/88 HPs)
             Began as a Formicid Earth Elementalist on Mar 14, 2023.
             Was an Elder of Sif Muna.
             Succumbed to their own poison gas
             ... on level 2 of the Orcish Mines.
             The game lasted 01:06:50 (11865 turns).

Pimp the Geomancer (Formicid Earth Elementalist)   Turns: 11865, Time: 01:06:50

Health: -7/88      AC:  2    Str: 14    XL:     12   Next: 12%
Magic:  14/21      EV: 14    Int: 25    God:    Sif Muna [****..]
Gold:   1024       SH:  0    Dex: 14    Spells: 5/23 levels left

rFire   . . .      SeeInvis +    e - staff of earth
rCold   + . .      Faith    .    (no shield)
rNeg    . . .      Spirit   .    (no body armour)
rPois   .          Reflect  .    (helmet unavailable)
rElec   .          Rampage  .    H - +1 cloak
rCorr   .                        (no gloves)
Will    +....                    (no boots)
Stlth   +++                      g - amulet of regeneration
HPRegen 1.14/turn                t - ring of protection from cold
MPRegen 0.17/turn                q - +6 ring of intelligence

@: lethally poisoned (-7 -> -44)
A: permanent stasis, dig shafts and tunnels, antennae 3, four strong arms,
hooves 1, wild magic 2
a: Dig, Shaft Self, Renounce Religion, Channel Magic, Forget Spell, Divine
Exegesis


You were on level 2 of the Orcish Mines.
You worshipped Sif Muna.
Sif Muna was greatly pleased with you.
You visited 3 branches of the dungeon, and saw 15 of its levels.
You also visited: Sewer.

You collected 1024 gold pieces.

Inventory:

Hand Weapons
 h - a +0 great sword
 w - a +1 spectral war axe
Missiles
 k - a throwing net
 v - 6 boomerangs of dispersal
Armour
 i - a +2 leather armour of poison resistance
 n - a +1 ring mail of cold resistance
 A - +2 steam dragon scales
 G - a +0 troll leather armour
 H - a +1 cloak (worn)
Magical Staves
 e - a staff of earth (weapon)
Jewellery
 g - an amulet of regeneration (around neck)
 o - an amulet of the acrobat
 q - a +6 ring of intelligence (right hand)
 t - a ring of protection from cold (left hand)
 y - a ring of positive energy
 C - a ring of ice
Wands
 j - a wand of acid (12)
 m - a wand of paralysis (6)
 p - a wand of flame (26) (quivered)
Scrolls
 f - 2 scrolls of immolation
 r - a scroll of magic mapping
 u - a scroll of poison
Potions
 a - 2 potions of haste
 b - a potion of might
 c - 3 potions of cancellation
 d - a potion of curing
 s - a potion of lignification
 x - a potion of flight
 B - a potion of attraction


   Skills:
 * Level 6.3 Fighting
 + Level 5.3 Staves
 - Level 5.5 Armour
 + Level 5.5 Dodging
 - Level 5.3 Stealth
 + Level 6.1 Spellcasting
 + Level 6.3 Transmutations
 + Level 10.3 Earth Magic
 + Level 7.0 Poison Magic
 - Level 4.4 Invocations
 - Level 5.5 Evocations


You had 5 spell levels left.
You knew the following spells:

 Your Spells              Type           Power      Damage    Failure   Level
a - Sandblast             Erth           100%       2d20      1%          1
b - Sting                 Tmut/Pois      100%       1d8       2%          1
c - Passwall              Tmut/Erth      72%        N/A       2%          2
d - Foxfire               Conj/Fire      48%        2x1d6     17%         1
e - Poisonous Vapours     Pois/Air       80%        N/A       8%          2
f - Stone Arrow           Conj/Erth      100%       3d13      8%          3
g - Olgreb's Toxic Radia  Pois           62%        N/A       11%         4
h - Petrify               Tmut/Erth      87%        N/A       7%          4

Your spell library contained the following spells:

 Spells                   Type           Power      Damage    Failure   Level
 Summon Small Mammal      Summ           48%        N/A       17%         1
 Animate Armour           Summ/Erth      100%       N/A       19%         4
 Call Canine Familiar     Summ           12%        N/A       38%         3
 Summon Guardian Golem    Hex/Summ       12%        N/A       38%         3
 Borgnjor's Vile Clutch   Necr/Erth      34%        N/A       41%         5
 Fireball                 Conj/Fire      6%         3d5       96%         5
 Statue Form              Tmut/Erth      58%        N/A       54%         6
 Starburst                Conj/Fire      6%         6d4       100%        6
 Death's Door             Necr           6%         N/A       100%        9


Dungeon Overview and Level Annotations

Branches:
Dungeon (12/15)            Temple (1/1) D:5            Lair (0/5) D:10
    Orc (2/2) D:9             Elf (0/3) Orc:2         Sewer (visited)

Altars:
Ashenzari
Cheibriados
Dithmenos
Elyvilon
Fedhas
Gozag
Hepliaklqana
Kikubaaqudgha
Makhleb
Nemelex Xobeh
Okawaru
Qazlal
Ru
Sif Muna
Trog
Uskayaw
Vehumet
Wu Jian
Xom
Yredelemnul
Zin
The Shining One

Shops:
D:6 ?   D:10 [   Orc:2 ?

Portals:
Abyss: D:4

Annotations:
D:4 2 transporters, Eustachio; pigah's ghost, amateur OpWn
D:6 2 transporters, Newt's ghost, novice KoHu
D:9 1 runed translucent door
D:12 Frances


Innate Abilities, Weirdness & Mutations

You cannot be hasted, slowed, berserked, paralysed or teleported.
You can dig through walls and to a lower floor.
You have a pair of large antennae on your head. (SInv)
Your four strong arms can wield two-handed weapons with a shield.
You have large cloven feet.
Your spells are harder to cast, but more powerful.


Message History

You feel a surge of power!
The blast of sand hits the orc knight!
The orc knight is severely wounded.
The orc knight looks as sick as possible! x2
Your toxic aura wanes.
The orc knight is engulfed in poison gas.
The orc knight looks as sick as possible!
The orc knight hits you with a +0 battleaxe!!
The orc knight is engulfed in poison gas.
The orc knight looks as sick as possible!
The orc knight hits you from afar with a +0 bardiche!
The orc knight is engulfed in poison gas.
The orc knight looks as sick as possible!
The orc knight completely misses you.
The orc knight is engulfed in poison gas.
The orc knight looks as sick as possible!
The orc knight hits you from afar with a +0 bardiche!!
* * * LOW HITPOINT WARNING * * *
You hear a shout! x2
Okay, then.
Really walk into that cloud of poison gas?
The orc knight attacks as you move away!
The orc knight misses you.
You are engulfed in poison gas.
You are lethally poisoned!
* * * LOW HITPOINT WARNING * * *
You feel very sick.
You kill the orc knight!
Sif Muna accepts your kill.
The orc knight is engulfed in poison gas.
The orc knight looks as sick as possible!
The orc knight unwields a +0 bardiche.
The orc knight wields a +0 arbalest.
The orc knight shoots a bolt.
The bolt barely misses you.
You hear a shout!
Your Poison Magic skill increases to level 7!
You are engulfed in poison gas.
You are more poisoned.
* * * LOW HITPOINT WARNING * * *
You feel extremely sick.
You are engulfed in poison gas.
You are more poisoned.
You die... ............).# ..............# . { ..............###. { ..............##.. ..............##.# { .............###.# {{{{

. ..............##.#
{{{{o..
............°§##☼#####°○§..
............§○°.@○§.°o○☼...
...........°☼##§#####☼○°..
..........##.# { { ...
.........##.#


{{{{ . .........##.# {{ ........##.. {{ ........###. { ..#.....# . You could see
an orc knight (strong, extremely poisoned).

Vanquished Creatures
  Gastronok (D:8)
  An orc high priest (Orc:2)
  4 orc knights
  An elephant (D:10)
  Maurice (D:9)
  Joseph (D:9)
  A troll (D:9)
  A shadow (D:8)
  2 wyverns
  5 yaks (D:9)
  A steam dragon (D:7)
  3 water moccasins
  A warg (Orc:2)
  4 black bears
  2 sky beasts (D:6)
  13 orc warriors
  An ice beast (D:6)
  5 centaurs
  8 ogres
  Blork the orc (D:4)
  3 kobold brigands
  2 gnoll sergeants
  6 scorpions
  4 bullfrogs
  3 wights (D:9)
  5 killer bees (D:9)
  3 howler monkeys (D:9)
  3 hounds
  3 jellies
  8 orc priests
  A gnoll bouda (D:5)
  A sleepcap (D:5)
  8 orc wizards
  4 iguanas
  A hell rat (Sewer)
  17 gnolls
  6 adders
  2 river rats (Sewer)
  2 white imps (D:7)
  2 worms
  5 dart slugs
  36 orcs
  11 ball pythons
  10 bats
  4 endoplasms
  4 giant cockroaches
  4 goblins
  7 hobgoblins
  2 jackals (D:5)
  19 kobolds
  3 quokkas
  2 frilled lizards
  11 rats
259 creatures vanquished.

Vanquished Creatures (others)
  11 foxfires
  6 plants (D:6)
17 creatures vanquished.

Grand Total: 276 creatures vanquished

Notes
Turn   | Place    | Note
-------+----------+-------------------------------------------
     0 | D:1      | Pimp the Formicid Earth Elementalist began the quest for
                  | the Orb.
     0 | D:1      | Reached XP level 1. HP: 13/13 MP: 3/3
   160 | D:1      | Reached XP level 2. HP: 12/19 MP: 3/5
   609 | D:1      | Reached XP level 3. HP: 23/24 MP: 2/6
   745 | D:1      | Reached skill level 4 in Earth Magic
   979 | D:1      | Found a faded altar of an unknown god.
  1105 | D:2      | Found a snail-covered altar of Cheibriados.
  1163 | D:2      | Reached XP level 4. HP: 31/31 MP: 3/7
  1395 | D:2      | Reached XP level 5. HP: 36/36 MP: 3/9
  1398 | D:2      | Reached skill level 1 in Fighting
  1400 | D:2      | Reached skill level 1 in Armour
  1809 | D:3      | Reached skill level 1 in Evocations
  2029 | D:3      | Found a glowing drain.
  2052 | Sewer    | Entered a sewer
  2057 | Sewer    | Learned a level 1 spell: Sting
  2386 | D:3      | Reached skill level 1 in Staves
  2662 | D:3      | Reached XP level 6. HP: 39/43 MP: 6/10
  2665 | D:3      | Learned a level 2 spell: Passwall
  3164 | D:4      | Found a transporter.
  3171 | D:4      | Noticed a small abomination
  3172 | D:4      | Found a one-way gate to the infinite horrors of the Abyss.
  3172 | D:4      | Noticed pigah's ghost (amateur OpWn)
  3202 | D:4      | Reached skill level 1 in Poison Magic
  3346 | D:4      | Reached skill level 5 in Earth Magic
  3438 | D:4      | Found a transporter.
  3695 | D:4      | Noticed Blork the orc
  3698 | D:4      | Killed Blork the orc
  3699 | D:4      | Reached XP level 7. HP: 49/49 MP: 8/11
  3809 | D:4      | Noticed Eustachio
  3835 | D:5      | Entered Level 5 of the Dungeon
  3976 | D:5      | Found a staircase to the Ecumenical Temple.
  3984 | Temple   | Entered the Ecumenical Temple
  3993 | Temple   | Became a worshipper of Sif Muna the Loreminder
  4026 | D:5      | Noticed a water moccasin
  4031 | D:5      | Killed a water moccasin
  4057 | D:5      | Learned a level 1 spell: Foxfire
  4060 | D:5      | Learned a level 2 spell: Poisonous Vapours
  4223 | D:5      | Reached XP level 8. HP: 37/56 MP: 8/13
  4461 | D:5      | Reached skill level 6 in Earth Magic
  5079 | D:5      | Reached XP level 9. HP: 57/63 MP: 12/14
  5283 | D:6      | Found a shimmering altar of Xom.
  5376 | D:6      | Found a transporter.
  5389 | D:6      | Found Tusot's Magic Scroll Boutique.
  5434 | D:6      | Identified the +2 spear "Cung" {pain, rElec rC- rN++ Dex+3}
  5436 | D:6      | Found a transporter.
  5444 | D:6      | Noticed Newt's ghost (novice KoHu)
  5484 | D:6      | Reached skill level 5 in Stealth
  5484 | D:6      | Reached skill level 7 in Earth Magic
  5529 | D:6      | Reached * piety under Sif Muna
  6206 | D:7      | Learned a level 3 spell: Stone Arrow
  6402 | D:7      | Reached skill level 1 in Invocations
  6476 | D:7      | Noticed a +0 short sword
  6477 | D:7      | Noticed a +0 dagger
  6478 | D:7      | Noticed a +0 spear
  6478 | D:7      | Noticed a +0 spear
  6478 | D:7      | Noticed a +0 dagger
  6478 | D:7      | Noticed a +0 falchion
  6479 | D:7      | Noticed a +0 falchion
  6479 | D:7      | Noticed a +0 short sword
  6500 | D:7      | Found a hide-covered altar of Uskayaw.
  6572 | D:7      | Reached XP level 10. HP: 63/71 MP: 13/16
  6763 | D:8      | Noticed Gastronok
  6825 | D:8      | Killed Gastronok
  6826 | D:8      | Reached skill level 8 in Earth Magic
  6826 | D:8      | Reached skill level 5 in Poison Magic
  7283 | D:8      | Learned a level 4 spell: Olgreb's Toxic Radiance
  7294 | D:8      | Reached skill level 5 in Spellcasting
  7335 | D:8      | Reached skill level 5 in Transmutations
  7687 | D:8      | Reached ** piety under Sif Muna
  7908 | D:8      | Found a radiant altar of Vehumet.
  8196 | D:9      | Noticed Joseph
  8208 | D:9      | Killed Joseph
  8209 | D:9      | Reached skill level 9 in Earth Magic
  8209 | D:9      | Reached XP level 11. HP: 59/78 MP: 8/18
  8281 | D:9      | Identified a scroll of acquirement
  8281 | D:9      | Acquired the Cyclopedia of Nightshade and the Fault
  8410 | D:9      | Reached skill level 5 in Fighting
  8574 | D:9      | Found a staircase to the Orcish Mines.
  8610 | D:9      | Reached skill level 5 in Armour
  8610 | D:9      | Reached skill level 5 in Evocations
  8704 | D:9      | Noticed a cyclops
  8706 | D:9      | Found a runed translucent door.
  8786 | D:9      | Gained mutation: Your mind is acute. (Int +4, Str/Dex -1)
                  | [potion of mutation]
  8786 | D:9      | Gained mutation: You are somewhat resistant to further
                  | mutation. [potion of mutation]
  8786 | D:9      | Gained mutation: Your spells are a little harder to cast,
                  | but a little more powerful. [potion of mutation]
  8931 | D:9      | Noticed Maurice
  8944 | D:9      | Killed Maurice
  8945 | D:9      | Reached skill level 5 in Dodging
  9053 | D:9      | Found a bloodstained altar of Trog.
  9258 | D:10     | Entered Level 10 of the Dungeon
  9258 | D:10     | Found Yraittos's Armour Boutique.
  9273 | D:10     | Found a staircase to the Lair.
  9273 | D:10     | Noticed an elephant
  9291 | D:10     | Killed an elephant
  9592 | D:10     | Reached *** piety under Sif Muna
  9604 | D:10     | Found an ornate altar of the Wu Jian Council.
  9686 | D:10     | You fall into a shaft and drop 2 floors!
  9753 | D:12     | Noticed Frances
  9792 | Orc:1    | Entered Level 1 of the Orcish Mines
  9803 | Orc:1    | Noticed an orc knight
  9935 | D:9      | Learned a level 4 spell: Petrify
 10055 | D:8      | Lost mutation: You are somewhat resistant to further
                  | mutation. [potion of mutation]
 10055 | D:8      | Lost mutation: Your mind is acute. (Int +4, Str/Dex -1)
                  | [potion of mutation]
 10055 | D:8      | Gained mutation: You expend magic power (3 MP) to
                  | strengthen your wands. [potion of mutation]
 10055 | D:8      | Gained mutation: You are weak. (Str -2) [potion of
                  | mutation]
 10055 | D:8      | Gained mutation: Your spells are harder to cast, but more
                  | powerful. [potion of mutation]
 10056 | D:8      | Lost mutation: Your spells are harder to cast, but more
                  | powerful. [potion of mutation]
 10056 | D:8      | Lost mutation: You expend magic power (3 MP) to strengthen
                  | your wands. [potion of mutation]
 10056 | D:8      | Lost mutation: You are weak. (Str -2) [potion of mutation]
 10056 | D:8      | Gained mutation: Your spells are harder to cast, but more
                  | powerful. [potion of mutation]
 10056 | D:8      | Gained mutation: You have large cloven feet. [potion of
                  | mutation]
 10066 | D:9      | Killed an orc knight
 10824 | Orc:2    | Entered Level 2 of the Orcish Mines
 10824 | Orc:2    | Found Zosia's Magic Scroll Shop.
 10825 | Orc:2    | Noticed an orc knight
 10837 | Orc:1    | Killed an orc knight
 10838 | Orc:1    | Reached skill level 5 in Staves
 10838 | Orc:1    | Reached skill level 10 in Earth Magic
 10994 | Orc:2    | Reached **** piety under Sif Muna
 11104 | Orc:2    | Found a staircase to the Elven Halls.
 11292 | Orc:2    | Noticed an orc knight
 11527 | Orc:1    | Killed an orc knight
 11852 | Orc:2    | Noticed an orc high priest
 11852 | Orc:2    | Noticed an orc high priest
 11852 | Orc:2    | Noticed an orc high priest
 11854 | Orc:2    | Noticed an orc knight
 11854 | Orc:2    | Noticed an orc knight
 11855 | Orc:2    | Noticed an orc knight
 11857 | Orc:2    | Noticed an orc sorcerer
 11858 | Orc:2    | Noticed an orc sorcerer
 11860 | Orc:2    | Killed an orc high priest
 11861 | Orc:2    | Reached XP level 12. HP: 88/88 MP: 15/21
 11864 | Orc:2    | HP: 3/88 [poisoned by you (poison gas)]
 11865 | Orc:2    | Succumbed to their own poison gas

Illustrated notes

Levels and vault maps discovered:
D:1:      dpeg_arrival_boxorama, layout_basic, ebering_ecumenical_altar_hall
D:2:      layout_rooms, basic_altar
D:3:      layout_basic, gup_sewer_entry_glass
D:4:      layout_basic, gammafunk_ghost_abyssal_escape, patterned_corridor,
          uniq_blork_the_orc, uniq_eustachio
D:5:      kennysheep_six_static_rooms, layout_basic,
          minmay_temple_entry_glassed_door
D:6:      layout_basic, mainiacjoe_overflow_cross_hatched, serial_shops,
          nicolae_diamond_shop, gammafunk_ghost_gnarly_gnolls
D:7:      layout_basic, nicolae_uskayaw_en_pointe
D:8:      layout_loops_ring, nicolae_overflow_hidden_temple, uniq_gastronok
D:9:      layout_basic, mainiacjoe_overflow_alcove_1, orc_0_dummy,
          grunt_decor_one_mirror, minivault_27, minmay_st_funbox, uniq_maurice,
          uniq_joseph
D:10:     layout_cross, mainiacjoe_overflow_six_doors_small, david_lair_generic,
          serial_shops, shop_statue, serial_column_ruins,
          column_ruins_columns_T, column_ruins_columns_corner,
          column_ruins_grid_3, column_ruins_columns_straight,
          column_ruins_open_medium, column_ruins_grid_1
D:11:     layout_long_grid, nicolae_eternal_life
D:12:     layout_rooms, minmay_beelzebubs_servants, uniq_frances
Temple:   sentei_temple_godly_chess
Orc:1:    layout_diamond_mine, uniq_erolcha, uniq_sonja
Orc:2:    st_orc_elflike, layout_caves, serial_shops, shop

Skill      XL: |  1  2  3  4  5  6  7  8  9 10 11 12 |
---------------+-------------------------------------+-----
Dodging        | 2 3 4 5 |  5.5
Earth Magic    | 4 5 6 7 9 10 | 10.3
Stealth        | 3 4 5 |  5.3
Fighting       | 1 2 3 4 6 |  6.3
Armour         | 1 2 3 4 5 |  5.5
Evocations     | 1 2 3 4 5 |  5.5
Transmutations | 2 3 4 5 6 |  6.3
Staves         | 1 2 3 4 5 |  5.3
Poison Magic   | 1 2 3 4 5 6 7 |  7.0
Spellcasting   | 3 4 5 6 |  6.1
Invocations    | 1 3 4 |  4.4

Action                     |  1- 3 |  4- 6 |  7- 9 | 10-12 || total
---------------------------+-------+-------+-------+-------++-------
  Melee: Staff             |    25 |    28 |    28 |    28 ||   109
         Kick              |       |       |       |     4 ||     4
         Punch             |       |       |       |     1 ||     1
   Cast: Sandblast         |    33 |    96 |   104 |   116 ||   349
         Poisonous Vapours |       |       |     2 |    13 ||    15
         Sting             |       |       |     8 |     9 ||    17
         Foxfire           |       |       |     3 |     7 ||    10
         Olgreb's Toxic Ra |       |       |       |    47 ||    47
         Stone Arrow       |       |       |       |     9 ||     9
         Petrify           |       |       |       |     7 ||     7
Ability: Shaft Self        |       |       |       |     1 ||     1
  Evoke: Wand              |       |       |       |    15 ||    15
    Use: Scroll            |       |     6 |     9 |    13 ||    28
         Potion            |       |     1 |       |    19 ||    20
   Stab: Sleeping          |     1 |     3 |     5 |       ||     9
         Petrified         |       |       |       |     2 ||     2
 Armour: Robe              |     3 |       |       |       ||     3
         Leather armour    |    13 |     2 |       |       ||    15
         Ring mail         |       |    32 |    47 |     2 ||    81
         Steam dragon scal |       |       |       |    27 ||    27
  Dodge: Dodged            |    27 |    60 |    94 |   111 ||   292

Table legend: (Time is in decaauts)
 A = Elapsed time spent in this place.
 B = Non-inter-level travel time spent in this place.
 C = Inter-level travel time spent in this place.
 D = Time resting spent in this place.
 E = Time spent auto-exploring this place.
 F = Levels seen in this place.
 G = Mean time per level.
                   A        B        C        D        E       F      G
               +--------+--------+--------+--------+--------+-----+--------+
         Total |  12063 |  11432 |    631 |   3910 |   4616 |  16 |  753.9 |
       Dungeon |  10308 |   9735 |    573 |   2938 |   4494 |  12 |  859.0 |
        Temple |     18 |     10 |      8 |      0 |      0 |   1 |   18.0 |
  Orcish Mines |   1414 |   1365 |     49 |    737 |    120 |   2 |  707.0 |
         Sewer |    321 |    321 |      0 |    235 |      2 |   1 |  321.0 |
               +--------+--------+--------+--------+--------+-----+--------+

Top non-repeatable levels by time:
     D:9: 1895 daAuts
     D:5: 1371 daAuts
     D:8: 1369 daAuts
     D:1: 1122 daAuts
     D:3: 996 daAuts
   Orc:1: 836 daAuts
     D:4: 809 daAuts
     D:6: 782 daAuts
     D:7: 767 daAuts
     D:2: 667 daAuts
   Orc:2: 577 daAuts
    D:10: 445 daAuts
   Sewer: 321 daAuts
    D:12: 71 daAuts
  Temple: 18 daAuts
